 Dungeon Crawl Stone Soup version 0.30-a0-840-ga523dec638 (webtiles) character file.

Game seed: 16638306580424686892

106961 bobo the Spry (level 17, -7/136 (139) HPs)
             Began as a Human Fire Elementalist on Mar 2, 2023.
             Was an Elder of Sif Muna.
             Mangled by a +0 glaive of venom (17 damage)
             ... on level 1 of the Elven Halls.
             The game lasted 01:40:39 (34777 turns).

bobo the Spry (Human Fire Elementalist)            Turns: 34777, Time: 01:40:39

HP:   -7/136 (139)  AC: 16    Str: 11    XL:     17   Next: 0%
MP:   17/32         EV: 18    Int: 27    God:    Sif Muna [****..]
Gold: 418           SH: 15    Dex: 14    Spells: 4/38 levels left

rFire   + + .      SeeInvis .    K - staff of conjuration
rCold   . . .      Faith    .    z - +5 kite shield
rNeg    . . .      Spirit   .    Y - +2 robe {Will+}
rPois   .          Reflect  .    U - +1 helmet of Trumpets {rF+ Str+2}
rElec   .          Harm     .    N - scarf {repulsion}
rCorr   .          Rampage  .    h - +2 pair of gloves
Will    ++...                    l - +2 pair of boots
Stlth   ++++                     (no amulet)
HPRegen 0.42/turn                p - +4 ring of protection
MPRegen 0.23/turn                t - ring of protection from fire

@: lethally poisoned (-7 -> -39), studying 2 skills, lightly drained, repel
missiles
A: thin skeletal structure 1, clever 1
a: Renounce Religion, Channel Magic, Forget Spell, Divine Exegesis


You were on level 1 of the Elven Halls.
You worshipped Sif Muna.
Sif Muna was greatly pleased with you.
You visited 4 branches of the dungeon, and saw 22 of its levels.
You visited 1 bazaar.
You also visited: Bailey.

You collected 2258 gold pieces.
You spent 1840 gold pieces at shops.

Inventory:

Armour
 h - a +2 pair of gloves (worn)
 l - a +2 pair of boots (worn)
 z - a +5 kite shield (worn)
 N - a scarf of repulsion (worn)
 U - the +1 helmet of Trumpets (worn) {rF+ Str+2}
   (You found it on level 14 of the Dungeon)

   Str:       It affects your strength (+2).
   rF:        It protects you from fire.
 X - a +2 robe of cold resistance
 Y - a +2 robe of willpower (worn)
Magical Staves
 K - a staff of conjuration (weapon)
Jewellery
 n - a ring of see invisible
 p - a +4 ring of protection (left hand)
 t - a ring of protection from fire (right hand)
 H - a ring of positive energy
 L - a ring of wizardry
 O - a ring of magical power
 P - a ring of wizardry
 T - a ring of flight
 W - a ring of ice
Wands
 a - a wand of mindburst (11)
 f - a wand of light (10)
 m - a wand of flame (20)
 q - a wand of roots (7)
 r - a wand of polymorph (11)
 w - a wand of digging (1)
 C - a wand of paralysis (16)
Scrolls
 e - 4 scrolls of amnesia
 o - 3 scrolls of fog
 v - 3 scrolls of enchant weapon
 x - 2 scrolls of summoning
 y - 3 scrolls of blinking
 A - 7 scrolls of teleportation
 D - a scroll of brand weapon
 E - 2 scrolls of vulnerability
 I - 2 scrolls of magic mapping
 M - a scroll of fear
 Q - 10 scrolls of identify
 S - a scroll of silence
Potions
 b - 5 potions of might
 c - 10 potions of brilliance
 g - 3 potions of heal wounds
 i - 3 potions of cancellation
 j - 7 potions of ambrosia
 k - 5 potions of curing
 s - a potion of resistance
 u - 4 potions of magic
 B - 2 potions of invisibility
 F - 2 potions of haste
 G - 5 potions of flight
 J - 3 potions of mutation
 V - a potion of berserk rage
 Z - a potion of experience
Miscellaneous
 d - a tin of tremorstones (2/2)
 R - a condenser vane


   Skills:
 + Level 14.0 Fighting
 - Level 15.0 Dodging
 - Level 4.0 Stealth
 - Level 8.0 Shields
 + Level 11.3 Spellcasting
 - Level 10.0 Conjurations
 + Level 13.0 Fire Magic
 - Level 7.0 Poison Magic
 - Level 8.1 Invocations
 - Level 5.3 Evocations


You had 4 spell levels left.
You knew the following spells:

 Your Spells              Type           Power      Damage    Failure   Level
a - Ignite Poison         Fire/Tmut/Pois 51%        N/A       1%          3
b - Foxfire               Conj/Fire      100%       2x1d9     1%          1
d - Sticky Flame          Conj/Fire      86%        2d10      1%          4
e - Inner Flame           Hex/Fire       50%        N/A       1%          3
i - Ignition              Fire           36%        3d11      96%         8
q - Olgreb's Toxic Radia  Pois           52%        N/A       5%          4
r - Searing Ray           Conj           100%       2d8       1%          2
s - Hailstorm             Conj/Ice       59%        3d13      3%          3
w - Flame Wave            Conj/Fire      86%        2d18      1%          4
z - Scorch                Fire           100%       2d10      1%          2

Your spell library contained the following spells:

 Spells                   Type           Power      Damage    Failure   Level
 Kiss of Death            Conj/Necr      100%       2d13      1%          1
 Shock                    Conj/Air       100%       1d9       1%          1
 Kindle Blastsparks       Fire/Tloc/Air  76%        2d16      4%          3
 Cigotuvi's Dreadful Rot  Necr/Pois/Air  54%        N/A       5%          2
 Spider Form              Tmut/Pois      34%        N/A       7%          3
 Freeze                   Ice            60%        1d7       10%         1
 Necrotise                Necr           60%        1d7       10%         1
 Fulminant Prism          Conj/Hex       29%        3d14      12%         4
 Iskenderun's Mystic Bla  Conj/Tloc      59%        2d12      12%         4
 Ensorcelled Hibernation  Hex/Ice        30%        N/A       14%         2
 Confusing Touch          Hex            15%        N/A       28%         3
 Frozen Ramparts          Ice            30%        1d5       28%         3
 Portal Projectile        Hex/Tloc       30%        N/A       28%         3
 Summon Guardian Golem    Hex/Summ       15%        N/A       28%         3
 Tukima's Dance           Hex            15%        N/A       28%         3
 Vampiric Draining        Necr           15%        2d7       28%         3
 Anguish                  Hex/Necr       7%         N/A       67%         4
 Animate Dead             Necr           15%        N/A       67%         4
 Dispel Undead            Necr           15%        3d10      67%         4
 Petrify                  Tmut/Erth      15%        N/A       67%         4
 Summon Ice Beast         Ice/Summ       15%        N/A       67%         4
 Irradiate                Conj/Tmut      29%        3d21      32%         5
 Orb of Destruction       Conj           40%        9d11      78%         7
 Conjure Ball Lightning   Conj/Air       29%        3x3d8     88%         6
 Agony                    Necr           15%        N/A       95%         5
 Blade Hands              Tmut           7%         N/A       95%         5
 Borgnjor's Vile Clutch   Necr/Erth      7%         N/A       95%         5
 Summon Mana Viper        Hex/Summ       15%        N/A       95%         5
 Death Channel            Necr           7%         N/A       100%        6
 Monstrous Menagerie      Summ           7%         N/A       100%        7
 Discord                  Hex            7%         N/A       100%        8
 Disjunction              Tloc           7%         N/A       100%        8


Dungeon Overview and Level Annotations

Branches:
Dungeon (14/15)            Temple (0/1) D:7            Lair (5/5) D:8
 Shoals (0/4) Lair:3       Spider (0/4) Lair:3        Slime (0/5) Lair:4
    Orc (2/2) D:10            Elf (1/3) Orc:2        Vaults (0/5) D:13
 Bailey (visited)

Altars:
Ashenzari
Dithmenos
Fedhas
Hepliaklqana
Kikubaaqudgha
Ru
Sif Muna
Vehumet
Wu Jian
Yredelemnul

Shops:
D:10 ?   D:11 *:**   D:12 :   Orc:2 !=?!!

Portals:
Trove: D:13 (show slimy rune of Zot)

Annotations:
D:4 1 runed translucent door, Crazy Yiuf
D:13 3 runed translucent doors, Dysoofed's ghost, journeyman HOFi
Elf:1 3 runed translucent doors


Innate Abilities, Weirdness & Mutations

You have a somewhat thin skeletal structure. (Dex +2, Stealth+)
Your mind is acute. (Int +4, Str/Dex -1)


Message History

The +0 glaive of venom is severely damaged. (Press . to maintain the ray.)
You feel extremely sick.
The +0 glaive of venom barely misses you.
The searing ray misses the +0 glaive of venom.
You feel very sick.
The +0 glaive of venom closely misses you.
The +0 glaive of venom hits you from afar!
The searing ray hits the +0 glaive of venom but does no damage.
The +0 glaive of venom is heavily damaged.
You feel very sick.
The +0 glaive of venom hits you from afar!
* * * LOW HITPOINT WARNING * * *
You are more poisoned.
You feel better.
The +0 glaive of venom hits you but does no damage.
You are poisoned.
Casting: Searing Ray (safe; 1% risk of failure)
Confirm with . or Enter, or press ? or * to list all spells.
Aiming: Searing Ray (safe; 1% risk of failure)
Press: ? - help, Shift-Dir - straight line, f/p - +0 glaive of venom
Aim: a +0 glaive of venom (heavily damaged, 68% to hit)
You feel a surge of power!
The searing ray hits the +0 glaive of venom.
The +0 glaive of venom is severely damaged. (Press . to maintain the ray.)
You feel very sick.
The +0 glaive of venom barely misses you.
The searing ray hits the +0 glaive of venom but does no damage.
The +0 glaive of venom is severely damaged.
You feel sick.
The +0 glaive of venom hits you from afar!!
* * * LOW HITPOINT WARNING * * *
You are lethally poisoned!
The searing ray hits the +0 glaive of venom but does no damage.
The +0 glaive of venom is severely damaged.
* * * LOW HITPOINT WARNING * * *
You feel extremely sick.
The +0 glaive of venom hits you from afar!
You die...

###+###*,**
#.####.......###)##.# *,*
**,**#.# ###...### #.##'# *,*
**,*#.# ##'## ##'..# *>*
**+#.## #.# ##...' *,* ##...##
#.# #..... *,* #.....# #.#
##...# *,* ##...## #.# **+#.#'
*,* **+#.#'##**#+#**#*,*####
*,* **,*####@#*,,,,,##.** #
*+*****,** ##'......,..##*
*,,>,*+** *(......,,...####
*,,,,,*********.......,,*#....#
*,,,,,+,,,,,,,+.......,,**#.#.#
*,,,,,*********.......,,* #...'
**,,,** *.......,,* #...#
****+** *#......,** #.8.# **,**
**+*,,,,,** #...#


You could see a +0 glaive of venom.

Vanquished Creatures
  Rupert (Lair:4)
  A dire elephant (Lair:5)
  5 deep elf death magi (Elf:1)
  Snorg (Orc:2)
  Fannar (Orc:1)
  A vault guard (D:13)
  2 centaur warriors
  An ogre mage (D:13)
  4 hydras
  Erica (Lair:1)
  2 boulder beetles
  4 two-headed ogres
  An anaconda (Lair:5)
  A dancing weapon (Elf:1)
  9 death yaks
  Urug (D:12)
  3 deep elf knights (Elf:1)
  3 orc high priests (Orc:2)
  A skyshark (Lair:4)
  Sonja (Orc:2)
  A skeletal warrior (D:13)
  A deep elf archer (Elf:1)
  Pikel (D:4)
  8 deep elf pyromancers (Elf:1)
  A wizard (D:14)
  7 orc knights
  A wolf spider (Lair:5)
  12 deep elf zephyrmancers (Elf:1)
  A manticore (D:13)
  4 orc sorcerers
  4 ugly things (D:14)
  3 cyclopes (D:12)
  14 black mambas
  A guardian serpent (Lair:5)
  A torpor snail (Lair:2)
  13 cane toads
  An unseen horror (D:13)
  10 komodo dragons
  4 kobold demonologists
  2 rime drakes
  2 gargoyles
  3 centaur skeletons (D:13)
  An efreet (D:13)
  A tengu conjurer (D:12)
  A queen bee (Lair:1)
  3 trolls
  A meliai (Lair:3)
  6 blink frogs
  4 hornets
  Grinder (D:5)
  4 dream sheep (Lair:2)
  10 polar bears
  Prince Ribbit (D:5)
  4 raiju (Lair:5)
  10 slime creatures
  4 shadows
  2 vampires
  A human (D:14)
  42 yaks
  Eustachio (D:4)
  2 basilisks
  12 wyverns
  A fire elemental (Elf:1)
  2 steam dragons
  A redback (Lair:5)
  7 vampire mosquitoes
  2 swamp worms (D:10)
  5 wargs
  30 water moccasins
  Edmund (D:4)
  13 hell hounds (Lair:5)
  An ice beast (D:6)
  2 sky beasts
  33 orc warriors
  11 black bears (Lair:5)
  An ogre (shapeshifter) (D:13)
  12 ogres
  21 wolves
  3 centaurs
  A phantom (D:7)
  3 kobold brigands
  4 lemures (D:4)
  2 gnoll sergeants
  Blork the orc (D:5)
  12 bullfrogs
  2 scorpions (D:6)
  2 necrophages (D:6)
  6 wights
  39 killer bees
  3 howler monkeys
  10 electric eels
  3 hounds
  17 orc priests
  A gnoll bouda (D:7)
  5 iguanas
  25 orc wizards
  A boggart skeleton (D:13)
  6 adders
  7 gnolls
  2 shadow imps
  2 white imps
  2 worms
  2 dart slugs
  104 orcs
  5 bats
  5 endoplasms
  4 giant cockroaches
  10 goblins
  6 hobgoblins
  4 jackals (D:3)
  25 kobolds
  2 quokkas
  9 ball pythons
  5 frilled lizards
  4 rats
737 creatures vanquished.

Vanquished Creatures (collateral kills)
  15 foxfires
15 creatures vanquished.

Vanquished Creatures (others)
  A wolf (Lair:5)
  An orc (Orc:2)
  A goblin (D:1)
  1934 foxfires
  47 fungi
  126 plants
2110 creatures vanquished.

Grand Total: 2862 creatures vanquished

Notes
Turn   | Place    | Note
-------+----------+-------------------------------------------
     0 | D:1      | bobo the Human Fire Elementalist began the quest for the
                  | Orb.
     0 | D:1      | Reached XP level 1. HP: 13/13 MP: 3/3
    56 | D:1      | Reached XP level 2. HP: 4/19 MP: 0/5
   356 | D:1      | Reached XP level 3. HP: 23/24 MP: 3/6
   359 | D:1      | Learned a level 2 spell: Scorch
   363 | D:1      | Learned a level 3 spell: Inner Flame
   552 | D:1      | Found a faded altar of an unknown god.
  1131 | D:2      | Reached skill level 1 in Fighting
  1425 | D:2      | Reached XP level 4. HP: 32/32 MP: 2/7
  2256 | D:3      | Learned a level 1 spell: Freeze
  2414 | D:3      | Reached XP level 5. HP: 37/37 MP: 6/9
  2745 | D:3      | Found a shimmering blue altar of Sif Muna.
  2761 | D:3      | Became a worshipper of Sif Muna the Loreminder
  2958 | D:4      | Noticed a lemure
  2958 | D:4      | Noticed a lemure
  3010 | D:4      | Found a shadowy altar of Dithmenos.
  3010 | D:4      | Found a sacrificial altar of Ru.
  3218 | D:4      | Noticed Edmund
  3229 | D:4      | Killed Edmund
  3230 | D:4      | Reached XP level 6. HP: 2/45 MP: 5/10
  3394 | D:4      | Noticed an orc warrior
  3529 | D:4      | Noticed Pikel
  3685 | D:4      | Learned a level 4 spell: Flame Wave
  3689 | D:4      | Noticed Eustachio
  3804 | D:4      | Killed Eustachio
  3805 | D:4      | Reached XP level 7. HP: 51/51 MP: 6/12
  4468 | D:4      | Gained mutation: Your mind is acute. (Int +4, Str/Dex -1)
                  | [potion of mutation]
  4468 | D:4      | Gained mutation: You have a somewhat thin skeletal
                  | structure. (Dex +2, Stealth+) [potion of mutation]
  4637 | D:4      | Killed Pikel
  4638 | D:4      | Reached skill level 5 in Fire Magic
  4638 | D:4      | Reached XP level 8. HP: 60/60 MP: 1/15
  4874 | D:4      | Found a runed translucent door.
  4875 | D:4      | Noticed Crazy Yiuf
  4990 | D:5      | Entered Level 5 of the Dungeon
  5067 | D:5      | Reached skill level 5 in Conjurations
  5076 | D:5      | Noticed Prince Ribbit
  5092 | D:5      | Killed Prince Ribbit
  5093 | D:5      | Reached skill level 5 in Spellcasting
  5209 | D:5      | Noticed Grinder
  5229 | D:5      | Reached skill level 1 in Invocations
  5229 | D:5      | Reached XP level 9. HP: 66/67 MP: 7/16
  5232 | D:5      | Killed Grinder
  5233 | D:5      | Reached skill level 5 in Fighting
  5326 | D:5      | Reached skill level 3 in Dodging
  5328 | D:5      | Reached * piety under Sif Muna
  5385 | D:5      | Found an ornate altar of the Wu Jian Council.
  5952 | D:5      | Noticed Blork the orc
  5957 | D:5      | Killed Blork the orc
  6401 | D:6      | Reached skill level 4 in Dodging
  6604 | D:6      | Reached ** piety under Sif Muna
  6745 | D:6      | Reached XP level 10. HP: 76/76 MP: 12/17
  7157 | D:7      | Found a staircase to the Ecumenical Temple.
  7295 | D:7      | Found a broken altar of Ashenzari.
  7471 | D:7      | Found a flagged portal.
  7485 | D:7      | Reached skill level 5 in Dodging
  7490 | Bailey   | Entered a bailey
  7572 | Bailey   | Reached skill level 5 in Invocations
  7905 | Bailey   | Noticed an orc knight
  7911 | Bailey   | Reached *** piety under Sif Muna
  7915 | Bailey   | Killed an orc knight
  7917 | Bailey   | Noticed an orc knight
  7931 | Bailey   | Killed an orc knight
  8008 | Bailey   | Reached skill level 6 in Dodging
  8273 | D:7      | Reached XP level 11. HP: 85/85 MP: 3/18
  8835 | D:7      | Found a basalt altar of Yredelemnul.
  9088 | D:7      | Found a faded altar of an unknown god.
  9089 | D:7      | Found a hazy altar of Hepliaklqana.
  9205 | D:8      | Noticed a two-headed ogre
  9213 | D:8      | Killed a two-headed ogre
  9582 | D:8      | Found a staircase to the Lair.
  9779 | D:8      | Noticed a two-headed ogre
  9787 | D:8      | Reached **** piety under Sif Muna
  9796 | D:8      | Killed a two-headed ogre
  9797 | D:8      | Reached skill level 7 in Dodging
  9989 | D:8      | Found a radiant altar of Vehumet.
 10893 | D:9      | Learned a level 3 spell: Hailstorm
 11056 | D:9      | Found a blossoming altar of Fedhas.
 11092 | D:9      | Found an ancient bone altar of Kikubaaqudgha.
 11222 | D:9      | Noticed a two-headed ogre
 11228 | D:9      | Killed a two-headed ogre
 11685 | D:10     | Entered Level 10 of the Dungeon
 12240 | D:10     | Found Tacenife's Magic Scroll Emporium.
 12244 | D:10     | Found a staircase to the Orcish Mines.
 12341 | D:10     | Reached XP level 12. HP: 95/95 MP: 6/19
 12345 | D:10     | Reached skill level 8 in Dodging
 12347 | D:10     | Reached skill level 1 in Shields
 13748 | D:11     | Reached skill level 10 in Fighting
 13748 | D:11     | Reached skill level 10 in Dodging
 13748 | D:11     | Reached XP level 13. HP: 103/103 MP: 20/20
 13802 | D:11     | Found Meagah's Assorted Antiques.
 13808 | D:11     | Bought a pearl ring for 155 gold pieces
 13808 | D:11     | Bought a scroll labelled SYB NO TODERIA for 31 gold pieces
 14003 | D:11     | Reached skill level 5 in Shields
 14076 | D:11     | Found Sioptouvaoc's General Store.
 14147 | D:11     | Found Omiot's General Store.
 14169 | D:11     | Bought a staff of conjuration for 450 gold pieces
 14244 | D:11     | Found Pucur's Book Shop.
 14661 | D:12     | Noticed Urug
 14676 | D:12     | Killed Urug
 14677 | D:12     | Reached skill level 11 in Dodging
 14677 | D:12     | Reached skill level 1 in Evocations
 14844 | D:12     | Found Apsiango's Book Boutique.
 14875 | D:12     | Reached ***** piety under Sif Muna
 16084 | D:13     | Learned a level 5 spell: Borgnjor's Vile Clutch
 16085 | D:13     | Noticed a four-headed hydra
 16219 | Lair:1   | Entered Level 1 of the Lair of Beasts
 16242 | Lair:1   | Received a gift from Sif Muna
 16632 | Lair:1   | Reached skill level 12 in Dodging
 17385 | Lair:1   | Noticed Erica
 17392 | Lair:1   | Killed Erica
 17453 | Lair:1   | Reached XP level 14. HP: 109/113 MP: 13/21
 17598 | Lair:1   | You fall into a shaft and drop 1 floor!
 19074 | Lair:2   | Reached skill level 5 in Evocations
 19695 | Lair:3   | Learned a level 4 spell: Sticky Flame
 19712 | Lair:3   | Reached skill level 13 in Dodging
 19843 | Lair:3   | Found a hole to the Spider Nest.
 20438 | Lair:3   | Found a staircase to the Shoals.
 21249 | D:12     | Bought Sif Muna's Compilation of Toxins for 264 gold pieces
 21255 | D:12     | Learned a level 4 spell: Olgreb's Toxic Radiance
 21260 | D:12     | Learned a level 3 spell: Ignite Poison
 21534 | D:13     | Found a shadowy altar of Dithmenos.
 21547 | D:13     | Reached skill level 10 in Conjurations
 21547 | D:13     | Reached skill level 1 in Poison Magic
 21723 | D:13     | Reached skill level 14 in Dodging
 21950 | D:13     | Found a runed translucent gate.
 21950 | D:13     | Found a runed translucent gate.
 21950 | D:13     | Found a runed translucent gate.
 22070 | D:13     | Found a portal to a secret trove of treasure.
 22084 | D:13     | Noticed Dysoofed's ghost (journeyman HOFi)
 22282 | D:13     | Reached skill level 10 in Fire Magic
 22493 | D:13     | Found a gate to the Vaults.
 22990 | D:13     | Reached XP level 15. HP: 113/120 MP: 17/24
 23902 | D:14     | Identified the +1 helmet of Trumpets {rF+ Str+2}
 24997 | Lair:4   | Found a shimmering blue altar of Sif Muna.
 25267 | Lair:4   | Reached skill level 15 in Dodging
 25680 | Lair:4   | Noticed Rupert
 25708 | Lair:4   | Killed Rupert
 25709 | Lair:4   | Reached skill level 5 in Poison Magic
 25957 | Lair:4   | Found a staircase to the Slime Pits.
 26176 | Lair:5   | Entered Level 5 of the Lair of Beasts
 28587 | Lair:5   | Reached XP level 16. HP: 115/127 MP: 3/28
 28967 | Lair:5   | Learned a level 8 spell: Ignition
 28976 | Lair:5   | Received a gift from Sif Muna
 28977 | Lair:5   | Got Sif Muna's Folio of Shocking Damage {god gift}
 30692 | Orc:1    | Entered Level 1 of the Orcish Mines
 30761 | Orc:1    | Noticed Fannar
 30773 | Orc:1    | Killed Fannar
 30774 | Orc:1    | Reached skill level 10 in Spellcasting
 30986 | Orc:2    | Entered Level 2 of the Orcish Mines
 31115 | Orc:2    | Noticed Sonja
 31119 | Orc:2    | Killed Sonja
 31360 | Orc:2    | Found Qehutot's Distillery.
 31586 | D:12     | Bought a manual of Fighting for 880 gold pieces
 31878 | Orc:2    | Found a staircase to the Elven Halls.
 33208 | Orc:2    | Found Nulirhet's Distillery.
 33208 | Orc:2    | Found Suadgh's Jewellery Emporium.
 33222 | Orc:2    | Found Etathre's Distillery.
 33222 | Orc:2    | Found Huithariar's Magic Scroll Emporium.
 33228 | Orc:2    | Bought a potion of heal wounds for 60 gold pieces
 33258 | Orc:2    | Noticed Snorg
 33267 | Orc:2    | Killed Snorg
 33518 | Elf:1    | Entered Level 1 of the Elven Halls
 33562 | Elf:1    | Found a flickering gateway to a bazaar.
 33569 | Bazaar   | Entered a bazaar
 33599 | Bazaar   | Found Heic's Distillery.
 33619 | Bazaar   | Found Bacidgh's Magic Scroll Shop.
 33651 | Bazaar   | Found Eryeti's Magic Scroll Shop.
 33662 | Bazaar   | Found Fihyrgh's Distillery.
 33790 | Elf:1    | Received a gift from Sif Muna
 33810 | Elf:1    | Got Sif Muna's Disquisition on the Gang and the Mantle {god
                  | gift}
 34066 | Elf:1    | Learned a level 2 spell: Searing Ray
 34420 | Elf:1    | Found a runed translucent gate.
 34420 | Elf:1    | Found a runed translucent gate.
 34426 | Elf:1    | Found a runed translucent gate.
 34675 | Elf:1    | Reached XP level 17. HP: 125/136 MP: 25/32
 34777 | Elf:1    | Mangled by a +0 glaive of venom

Illustrated notes

Levels and vault maps discovered:
D:1:      wander_arrival_fairy_ring, layout_basic,
          hellmonk_ecumenical_altar_inner_sanctum
D:2:      layout_basic, minmay_tree_intersection
D:3:      layout_rooms, nicolae_sif_muna_condensation
D:4:      layout_loops_cross, amethyst_overflow_temple_binary,
          minmay_manual_mail, uniq_pikel, uniq_eustachio,
          uniq_crazy_yiuf_cottage, uniq_edmund
D:5:      layout_basic, kennysheep_little_box, uniq_grinder,
          uniq_prince_ribbit1, uniq_blork_the_orc
D:6:      layout_rooms, feat_on_display
D:7:      layout_rooms, mainiacjoe_overflow_catwalk_spiral,
          beargit_hepliaklqana_dungeon_heroes, minmay_temple_entry_waves,
          enter_bailey_5
D:8:      layout_gridville, nicolae_vehumet_altar_sigil, david_lair_shrubbed,
          st_stairs_4
D:9:      layout_irregular_city, lemuel_coloured_pillars_altar,
          general_overflow_altar
D:10:     layout_gridville, orc_0_dummy, serial_shops,
          nicolae_shop_hallway_plus, worms_lemuel
D:11:     erik_rubicon_b, layout_basic, serial_shops, nicolae_stop_n_shop_2,
          shop_fountains, shop, nicolae_diamond_shop
D:12:     minmay_spotlight, layout_gridville, serial_shops, nicolae_shop_trees,
          uniq_urug
D:13:     layout_roguey, hangedman_vaults_entry_quadrant_bands, enter_trove_5,
          ebering_ghost_rock_garden, grunt_dithmenos_smoke
D:14:     layout_roguey, minmay_staircase_windowed_large, grunt_livestock,
          pf_eden
Lair:1:   layout_layer_cave, special_room [special_room_bee],
          infiniplex_staircase_pool_2, uniq_erica
Lair:2:   layout_cave_pods, nicolae_quartered_pool_super, beast_lair_carwin_1,
          serial_bayou_shore_b, serial_bayou_shore_b
Lair:3:   layout_small_grid, elwin_shoals_entry_rocks,
          hellmonk_spider_entry_not_the_bees
Lair:4:   layout_loops_ring, dpeg_slime_entry_enclosed, basic_altar,
          grunt_megastairs_2, uniq_rupert
Lair:5:   hangedman_lair_caniforms_friends, layout_regular_city,
          hangedman_lair_tendril_chambers, grunt_forest_small_clearing_treed
Orc:1:    layout_caves, uniq_fannar
Orc:2:    grunt_orc_tribal_feast, layout_caves, serial_shops, shop, uniq_snorg,
          uniq_sonja
Elf:1:    elf_arrival_001, layout_geoelf_diagonals, serial_shops,
          bzr_entry_dummy, minmay_elf_crystal_heptagon,
          nicolae_gammafunk_elf_defective_weapons_storage, lemuel_upstairs_altar

Skill      XL: |  1  2  3  4  5  6  7  8  9 10 11 12 13 14 15 16 |
---------------+-------------------------------------------------+-----
Fighting       | 1 2 4 6 7 9 10 11 12 14 | 14.0
Stealth        | 3 4 |  4.0
Spellcasting   | 3 4 5 6 8 11 | 11.3
Fire Magic     | 4 5 6 7 8 9 10 11 13 | 13.0
Conjurations   | 4 5 6 9 10 | 10.0
Invocations    | 1 4 6 8 |  8.1
Dodging        | 4 6 7 10 12 14 15 | 15.0
Shields        | 4 6 8 |  8.0
Evocations     | 4 5 |  5.3
Poison Magic   | 3 7 |  7.0

Action                     |  1- 3 |  4- 6 |  7- 9 | 10-12 | 13-15 | 16-18 || total
---------------------------+-------+-------+-------+-------+-------+-------++-------
  Melee: Unarmed           |     4 |       |       |       |       |       ||     4
         Club              |    15 |       |       |       |       |       ||    15
         Dagger            |     3 |    18 |    24 |       |       |       ||    45
         Whip              |       |       |     9 |    13 |       |       ||    22
         Staff             |       |       |       |       |    57 |    50 ||   107
   Cast: Foxfire           |    38 |    55 |    95 |   290 |   488 |   159 ||  1125
         Scorch            |     7 |    32 |    55 |   112 |   269 |    40 ||   515
         Freeze            |       |     1 |     4 |     1 |     2 |       ||     8
         Inner Flame       |       |       |     1 |    20 |    14 |     9 ||    44
         Flame Wave        |       |       |     2 |    12 |    32 |     5 ||    51
         Hailstorm         |       |       |       |     5 |    29 |    12 ||    46
         Sticky Flame      |       |       |       |       |    59 |    20 ||    79
         Ignition          |       |       |       |       |     1 |       ||     1
         Olgreb's Toxic Ra |       |       |       |       |     4 |    49 ||    53
         Ignite Poison     |       |       |       |       |     2 |    45 ||    47
         Searing Ray       |       |       |       |       |       |     8 ||     8
 Invoke: Channel Magic     |       |       |       |     5 |    16 |     4 ||    25
         Divine Exegesis   |       |       |       |       |     1 |       ||     1
  Evoke: Wand              |       |       |       |     2 |     2 |     1 ||     5
    Use: Potion            |     1 |     1 |     1 |     1 |     6 |     3 ||    13
         Scroll            |     4 |     6 |     5 |    14 |    10 |     2 ||    41
   Stab: Sleeping          |     1 |       |       |       |       |     1 ||     2
         Invisible         |       |       |       |       |     1 |       ||     1
 Armour: Robe              |     3 |     3 |     9 |    15 |    68 |    25 ||   123
  Dodge: Dodged            |    13 |    24 |    30 |    78 |   182 |    77 ||   404
         Repelled          |       |       |       |       |       |     1 ||     1
  Block: Kite shield       |       |       |       |     6 |   258 |   116 ||   380

Table legend: (Time is in decaauts)
 A = Elapsed time spent in this place.
 B = Non-inter-level travel time spent in this place.
 C = Inter-level travel time spent in this place.
 D = Time resting spent in this place.
 E = Time spent auto-exploring this place.
 F = Levels seen in this place.
 G = Mean time per level.
                   A        B        C        D        E       F      G
               +--------+--------+--------+--------+--------+-----+--------+
         Total |  34916 |  32746 |   2170 |   4773 |  22556 |  24 | 1454.8 |
       Dungeon |  20064 |  18372 |   1692 |   2933 |  12259 |  14 | 1433.1 |
          Lair |  10320 |   9950 |    370 |   1003 |   7609 |   5 | 2064.0 |
  Orcish Mines |   2563 |   2455 |    108 |    308 |   1802 |   2 | 1281.5 |
   Elven Halls |   1129 |   1129 |      0 |    228 |    685 |   1 | 1129.0 |
        Bazaar |    128 |    128 |      0 |      0 |     92 |   1 |  128.0 |
        Bailey |    709 |    709 |      0 |    301 |    108 |   1 |  709.0 |
               +--------+--------+--------+--------+--------+-----+--------+

Top non-repeatable levels by time:
  Lair:5: 3726 daAuts
    D:13: 2280 daAuts
  Lair:1: 1954 daAuts
    D:12: 1845 daAuts
  Lair:2: 1788 daAuts
    D:10: 1748 daAuts
     D:4: 1724 daAuts
    D:11: 1598 daAuts
  Lair:3: 1567 daAuts
    D:14: 1400 daAuts
   Orc:2: 1390 daAuts
     D:3: 1303 daAuts
  Lair:4: 1282 daAuts
     D:8: 1277 daAuts
     D:7: 1264 daAuts
